 Dungeon Crawl Stone Soup version 0.32-a0-876-gcfddb08e57 (webtiles) character file.

Game seed: 15047906361856100206

206 bezhaha the Magician (level 5, -13/31 HPs)
             Began as an Octopode Hedge Wizard on Apr 1, 2024.
             Mangled by an ogre
             ... wielding a +0 giant club
              (29 damage)
             ... on level 4 of the Dungeon.
             The game lasted 00:02:26 (3633 turns).

bezhaha the Magician (Octopode Hedge Wizard)        Turns: 3633, Time: 00:02:26

Health: -13/31     AC:  1    Str:  9    XL:     5   Next: 84%
Magic:  6/12       EV: 12    Int: 19    God:
Gold:   191        SH:  0    Dex: 11    Spells: 11/14 levels left

rFire   . . .        p - +1 quarterstaff (spect)
rCold   . . .        (shield currently unavailable)
rNeg    . . .        b - +0 hat
rPois   .            (no amulet)
rElec   .            s - ring of flight
rCorr   .            (no ring)
SInv    .            (no ring)
Will    .....        (no ring)
Stlth   +++          (no ring)
HPRegen 0.25/turn    (no ring)
MPRegen 0.13/turn    (no ring)
                     (no ring)

%: no passive effects
@: flying, very slightly contaminated
A: almost no armour, amphibious, 8 rings, camouflage 1, gelatinous body 1,
(nimble swimmer 1), tentacles
a: no special abilities


You were on level 4 of the Dungeon.
You visited 1 branch of the dungeon, and saw 4 of its levels.

You collected 191 gold pieces.

Inventory:

Hand Weapons
 p - a +1 spectral quarterstaff (weapon)
Armour
 b - a +0 hat (worn)
Jewellery
 s - a ring of flight (left tentacle)
Scrolls
 a - a scroll of identify {unknown}
 e - 2 scrolls of teleportation {unknown}
 h - 2 scrolls of noise {unknown}
 i - a scroll of poison {unknown}
 m - a scroll of vulnerability {unknown}
 n - a scroll of brand weapon {unknown}
 t - a scroll of fog {unknown}
Potions
 c - a potion of magic
 d - a potion of invisibility {unknown}
 f - a potion of berserk rage {unknown}
 g - a potion of enlightenment {unknown}
 j - 4 potions of curing {unknown}
 k - 2 potions of mutation {unknown}
 l - a potion of attraction {unknown}
 o - 2 potions of heal wounds {unknown}
 q - 2 potions of cancellation {unknown}
 r - a potion of brilliance {unknown}


   Skills:
 - Level 2.0 Dodging
 - Level 2.6 Stealth
 * Level 5.1 Spellcasting
 + Level 3.1 Conjurations
 - Level 1.0 Summonings
 - Level 1.0 Translocations


You had 11 spell levels left.
You knew the following spells:

 Your Spells              Type           Power      Damage    Failure   Level
a - Magic Dart            Conj           64%        1d6       3%          1
b - Call Imp              Summ           16%        N/A       12%         2

Your spell library contained the following spells:

 Spells                   Type           Power      Damage    Failure   Level
 Slow                     Hex            16%        N/A       12%         1
 Blink                    Tloc           16%        N/A       12%         2
 Cigotuvi's Dreadful Rot  Necr/Alch/Air  8%         N/A       19%         2
 Mephitic Cloud           Conj/Alch/Air  8%         N/A       24%         3


Dungeon Overview and Level Annotations

Branches:
Dungeon (4/15)
 Temple: D:4-7

Altars:
Dithmenos
Gozag
Hepliaklqana


Innate Abilities, Weirdness & Mutations

You cannot wear most types of armour.
You are amphibious.
You can wear up to eight rings at the same time.
Your skin changes colour to match your surroundings (Stealth+).
Your rubbery body absorbs attacks. (AC +1, EV +1)
((You are camouflaged when in or above water. (Stealth+)))
You have tentacles for arms and can constrict up to eight enemies at once.


Message History

The magic dart hits the kobold.
The kobold is severely wounded.
The magic dart hits the kobold.
You kill the kobold!
You can't see any susceptible monsters within range! (Use Z to cast anyway.)
You see here a +0 whip.
You now have 191 gold pieces (gained 13).
Found a stone staircase leading down.
A hobgoblin comes into view.
The magic dart hits the hobgoblin.
You kill the hobgoblin!
You can't see any susceptible monsters within range! (Use Z to cast anyway.)
You can't see any susceptible monsters within range! (Use Z to cast anyway.)
You can't see any susceptible monsters within range! (Use Z to cast anyway.)
t - a scroll labelled TEBUICEFUR
Found an escape hatch in the floor.
The magic dart hits the ogre.
The ogre is moderately wounded.
The ogre shouts!
Casting: Magic Dart (safe; 3% risk of failure)
Confirm with . or Enter, or press ? or * to list all spells.
You miscast Call Imp.
You are very lightly contaminated with residual magic.
Nothing appears to happen.
The magic dart hits the ogre.
The ogre is heavily wounded.
Casting: Magic Dart (safe; 3% risk of failure)
Confirm with . or Enter, or press ? or * to list all spells.
You miscast Call Imp.
Nothing appears to happen.
Unknown command.
You barely miss the ogre.
The ogre is heavily wounded.
Your +1 spectral quarterstaff closely misses the ogre.
The ogre hits you with a +0 giant club!
You hit the ogre.
The ogre is severely wounded.
Your +1 spectral quarterstaff barely misses the ogre.
The ogre hits you with a +0 giant club!!
Ouch! That really hurt!
You die...

. #.####.# ...## #.# .. .
#....... #....##..# #.. ...
#.....# .#........###..## #..)##
#.....##........#..##..># #...
#........... ...........# #
#........... >.......... #
##........... #O......#.# ###
#......#########@(.....#.### ....
#.###......................######
#.# ###..................#....###
#.# #...................####..##
#.# #...................## ##..#
#.# #.................#..# ##..
#.# #.............).#....## ##.
#.# #.).............###...### ##
#.# ###............#.###.....###


You could see an ogre and a friendly +1 spectral quarterstaff.

Vanquished Creatures
  A scorpion (D:4)
  A hound (D:3)
  5 adders
  2 ribbon worms
  An orc (D:2)
  8 endoplasms
  2 giant cockroaches
  8 goblins
  7 hobgoblins
  4 jackals (D:1)
  4 kobolds
  2 quokkas
  6 ball pythons
  3 frilled lizards (D:2)
  9 rats
63 creatures vanquished.

Vanquished Creatures (others)
  A kraken (D:1)
  A minotaur (D:1)
  A demonspawn (D:1)
  A gargoyle (D:1)
  2 vampires (D:1)
  A human (D:1)
  An elf (D:1)
  2 demigods (D:1)
  A dwarf (D:1)
  A gnoll (D:1)
  A kobold (D:1)
  5 tentacles (D:1)
18 creatures vanquished.

Grand Total: 81 creatures vanquished

Notes
Turn   | Place    | Note
-------+----------+-------------------------------------------
     0 | D:1      | bezhaha the Octopode Hedge Wizard began the quest for the
                  | Orb.
     0 | D:1      | Reached XP level 1. HP: 11/11 MP: 4/4
     2 | D:1      | Noticed a gargoyle
     2 | D:1      | Noticed an elf
     2 | D:1      | Noticed a demigod
     2 | D:1      | Noticed a demonspawn
     2 | D:1      | Noticed a ghoul
     2 | D:1      | Noticed a ghoul
     2 | D:1      | Noticed a vampire
     2 | D:1      | Noticed a kraken
     2 | D:1      | Noticed a human
     2 | D:1      | Noticed a demigod
     2 | D:1      | Noticed a minotaur
     2 | D:1      | Noticed a demigod
     2 | D:1      | Noticed a dwarf
     2 | D:1      | Noticed a vampire
     4 | D:1      | Killed an elf
     6 | D:1      | Killed a gargoyle
     7 | D:1      | Killed a demigod
    10 | D:1      | Killed a dwarf
    10 | D:1      | Killed a demonspawn
    11 | D:1      | Killed a vampire
    11 | D:1      | Killed a human
    13 | D:1      | Killed a vampire
    14 | D:1      | Killed a demigod
    14 | D:1      | Killed a minotaur
    14 | D:1      | Killed a kraken
   156 | D:1      | Reached XP level 2. HP: 17/17 MP: 3/6
  1073 | D:2      | Reached XP level 3. HP: 21/21 MP: 5/8
  1132 | D:2      | Found a hazy altar of Hepliaklqana.
  1532 | D:2      | Reached skill level 4 in Spellcasting
  2308 | D:2      | Reached XP level 4. HP: 27/27 MP: 5/10
  2373 | D:2      | Learned a level 2 spell: Call Imp
  2621 | D:3      | Found an opulent altar of Gozag.
  3111 | D:3      | Reached XP level 5. HP: 17/31 MP: 7/11
  3241 | D:4      | Noticed an ogre
  3417 | D:4      | Reached skill level 5 in Spellcasting
  3457 | D:4      | Found a shadowy altar of Dithmenos.
  3633 | D:4      | Mangled by an ogre

Illustrated notes

Levels and vault maps discovered:
D:1:      nicolae_arrival_kraken_aquarium_b, layout_basic, minmay_door_square
D:2:      layout_basic, basic_altar
D:3:      layout_basic, grunt_gozag_breadcrumbs
D:4:      layout_rooms, grunt_dithmenos_smoke, cheibriados_altar_1,
          minmay_temple_entry_glass

Skill      XL: |  1  2  3  4  5 |
---------------+----------------+-----
Spellcasting   | 4 5 |  5.1
Conjurations   | 2 3 |  3.1
Dodging        | |  2.0
Stealth        | |  2.6
Summonings     | |  1.0
Translocations | |  1.0

Action                     |  1- 3 |  4- 6 || total
---------------------------+-------+-------++-------
  Melee: Dagger            |    18 |       ||    18
         Constrict         |     7 |     5 ||    12
         Tentacles         |     6 |     1 ||     7
         Quarterstaff      |       |     9 ||     9
   Cast: Magic Dart        |    83 |    62 ||   145
 Armour: Skin              |    11 |    11 ||    22
  Dodge: Dodged            |    13 |    11 ||    24

Table legend: (Time is in decaauts)
 A = Elapsed time spent in this place.
 B = Non-inter-level travel time spent in this place.
 C = Inter-level travel time spent in this place.
 D = Time resting spent in this place.
 E = Time spent auto-exploring this place.
 F = Levels seen in this place.
 G = Mean time per level.
                   A        B        C        D        E       F      G
               +--------+--------+--------+--------+--------+-----+--------+
         Total |   3635 |   3556 |     79 |      0 |   3195 |   4 |  908.8 |
       Dungeon |   3635 |   3556 |     79 |      0 |   3195 |   4 |  908.8 |
               +--------+--------+--------+--------+--------+-----+--------+

Top non-repeatable levels by time:
     D:2: 1382 daAuts
     D:1: 1000 daAuts
     D:3: 870 daAuts
     D:4: 382 daAuts
